cohdb
Replays
Latest Replays
All Replays
Popular Replays
Top Player Replays
Match Explorer
How It Works
Community
CoH3 Stats
Reddit
Sign in to upload your games and track your stats! →
Sign in with Steam
Match 42000974
Unlisted
Match 42000974
Overview
Messages
Build Orders
End
Construct Section Command Post
Infantry Section
Dingo Light Scout Car
Selects Canadian Shock Battlegroup
Infantry Section
Grenade Package
Infantry Section
Selects Incendiary Munitions
Vickers Machine Gun Team
Construct Platoon Command Post
Selects Offensive Resupply
Selects Canadian Shock Section
Canadian Shock Section
Construct Platoon Command Post
Selects Pyrotechnics
Unlock Bishop Self-propelled Artillery
Bishop Self-propelled Artillery
xtz
勇于撤退先遣兵
Mattfield27
八坂真崎
ButterMallow
Nashorn101
0
0
Comments
sign in to comment!
No comments posted yet!